AoeStats
← RareCastle03050

Nomad

508294423Analyzed
3v3 RM · 11d ago on Sep 21, 2026· 38m 23s· 6 players
Game mode
Random Map
Map size
210×210
Population
200
Speed
Normal
Resources
Standard
Victory
Conquest
Starting age
Dark Age
Ending age
Imperial Age
RankedLock teamsTeams togetherTeam positionsShared explorationLock speedFull tech treeHidden civsTurbo modeCheats
Victory
Defeat
🇨🇿 Poles · Czechia
743
+13
🇫🇷 Persians · France
742
+13
🇺🇸 Hindustanis · United States
721
+14
🇪🇸 Byzantines · Spain
716
-15
🇪🇸 Vietnamese · Spain
678
-13
🇪🇸 Saracens · Spain
632
-12
RareCastle03050
15:46 Feudal Age
24:08 Castle Age
38:21 Imperial Age
CRUSADER
4:04 Loom
14:24 Feudal Age
20:40 Castle Age
21:10 Town Watch
24:08 Town Patrol
28:42 Fishing Lines
29:13 Double-Bit Axe
30:10 Gillnets
32:42 Wheelbarrow
33:55 Horse Collar
34:47 Gold Mining
38:29 Imperial Age
36:25 Scale Barding Armor
36:31 Forging
36:25 Husbandry
36:38 Bloodlines
36:39 Heavy Plow
37:41 Chain Barding Armor
38:05 Bow Saw
38:36 Iron Casting
38:48 Gold Shaft Mining
38:13 Cavalier
starekchess
3:33 Loom
13:33 Feudal Age
21:02 Man-at-Arms
30:23 Castle Age
36:16 Forging
36:07 Padded Archer Armor
cabazos84
11:10 Loom
17:32 Feudal Age
17:58 Double-Bit Axe
18:10 Horse Collar
22:32 Padded Archer Armor
NonzeroOdin0
7:07 Loom
17:20 Feudal Age
18:10 Horse Collar
Lars
4:52 Loom
15:10 Feudal Age
16:53 Wheelbarrow
16:56 Horse Collar
17:04 Double-Bit Axe
17:49 Gold Mining
17:45 Man-at-Arms
21:46 Stone Mining
31:10 Scale Mail Armor
Connection lost

Rejoining the realm…

Still unreachable

The connection could not be restored.

Session expired

The server has moved on; the page needs a fresh start.